 Dungeon Sprint DCSS version 0.24-a0-536-gdd4cf15 (webtiles) character file.

Game seed: 16060866682958069125

1755 Faca the Unseen (level 8, -25/42 HPs)
             Began as a Spriggan Assassin on Aug 12, 2019.
             Was a Follower of Uskayaw.
             Killed from afar by an orc sorcerer (27 damage)
             ... with a bolt of fire
             ... while paralysed by an orc sorcerer
             ... in the Dungeon (Sprint V: "Ziggurat Sprint").
             The game lasted 00:04:20 (357 turns).

Faca the Unseen (Spriggan Assassin)                  Turns: 357, Time: 00:04:21

Health: -25/42     AC:  3    Str:  7    XL:     8   Next: 78%
Magic:  9/12       EV:  4    Int: 13    God:    Uskayaw [*.....]
Gold:   0          SH:  0    Dex: 31    Spells: 7/7 levels left

rFire    . . .     SeeInvis +   o - +5 dagger
rCold    . . .     Gourm    .   (shield restricted)
rNeg     . . .     Faith    .   b - +0 robe
rPois    .         Spirit   .   (helmet restricted)
rElec    .         Reflect  .   c - +0 cloak
rCorr    .         Harm     .   (gloves unavailable)
MR       +....     NoTele   +   (boots unavailable)
Stlth    ++++++++..             (no amulet)
HPRegen  0.14/turn              H - +6 ring of dexterity
MPRegen  0.13/turn              G - +6 ring of dexterity

@: paralysed, very quick
A: very small, unfitting armour, see invisible, herbivore, speed 3, slow
metabolism 2
a: Stomp, Renounce Religion


You were in the Dungeon.
You worshipped Uskayaw.
Uskayaw was noncommittal.
You were not hungry.

You visited 1 branch

Inventory:

Hand Weapons
 o - a +5 dagger (weapon)
 p - a +5 quick blade
Missiles
 d - 8 poisoned darts (quivered)
 e - 2 curare-tipped darts
Armour
 b - a +0 robe (worn)
 c - a +0 cloak (worn)
 m - +5 shadow dragon scales
 n - a +3 buckler
Jewellery
 a - an uncursed ring of positive energy
 G - a +6 ring of dexterity (right hand)
 H - a +6 ring of dexterity (left hand)
Wands
 y - a wand of disintegration (7)
 D - a wand of iceblast (7)
 E - a wand of acid (7)
Scrolls
 l - 4 scrolls of blinking
 q - 4 scrolls of amnesia
 r - 7 scrolls of fog
 s - a scroll of holy word
 t - 5 scrolls of identify
 u - 5 scrolls of remove curse
 v - 2 scrolls of fear
Potions
 g - 10 potions of curing
 h - 10 potions of heal wounds
 i - 6 potions of haste
 j - 7 potions of magic
 k - 3 potions of berserk rage
 w - 2 potions of brilliance
 x - 2 potions of invisibility
 z - 4 potions of resistance
 B - 5 potions of agility
 C - 5 potions of might
Comestibles
 f - 7 rations


   Skills:
 + Level 4.5 Fighting
 - Level 12.4 Short Blades
 - Level 2.0 Throwing
 + Level 7.5 Dodging
 + Level 18.5 Stealth
 + Level 3.7 Shields
 + Level 4.9 Invocations


You had 7 spell levels left.
You didn't know any spells.
Your spell library contained the following spells:

 Spells                   Type           Power        Failure   Level  Hunger
 Throw Flame              Conj/Fire      #.....       43%         2    ###....
 Ignite Poison            Fire/Tmut/Pois #.......     67%         3    ####...
 Fireball                 Conj/Fire      #.........   100%        5    ######.
 Silence                  Hex/Air        #.........   100%        5    ######.
 Bolt of Fire             Conj/Fire      #.........   100%        6    #######
 Ring of Flames           Chrm/Fire      #.........   100%        7    #######
 Discord                  Hex            #.........   100%        8    #######
 Ignition                 Fire           #.........   100%        8    #######


Dungeon Overview and Level Annotations

Branches:
Dungeon (1/1)

Altars:
Ashenzari
Cheibriados
Dithmenos
Elyvilon
Fedhas
Gozag
Hepliaklqana
Kikubaaqudgha
Makhleb
Nemelex Xobeh
Okawaru
Qazlal
Ru
Sif Muna
Trog
Uskayaw
Vehumet
Wu Jian
Xom
Yredelemnul
Zin
The Shining One
Beogh
Jiyva
Lugonu

Annotations:
D 1 transporter


Innate Abilities, Weirdness & Mutations

You are very small and have problems with some larger weapons.
You are too small for most types of armour.
You have supernaturally acute eyesight. (SInv)
You are a herbivore.
You cover ground extremely quickly.
You need to consume almost no food.


Message History

Found four items.
Found a transporter.
You can no longer pass through a line of other dancers.
Evoke which item? (* to show all) (? for menu, Esc to quit)
Okay, then.
The deep elf knight mumbles some strange words.
The deep elf knight seems to speed up.
The deep elf knight shouts!
The orc sorcerer shouts!
The deep elf knight hits you. The deep elf knight barely misses you.
The orc sorcerer points at you and mumbles some strange words.
You suddenly lose the ability to move!
The deep elf knight hits you!
The deep elf knight gestures at you while chanting.
The stone arrow hits you!!
Ouch! That really hurt!
* * * LOW HITPOINT WARNING * * *
The orc sorcerer points at you and mumbles some strange words.
The bolt of fire hits you!!
Ouch! That really hurt!
You die...

▓..[..▓.....▓...).▓
▓.....▓.....▓.....▓
▓.....▓.....▓.....▓
▓.....▓.....▓..©..▓
▓..©..▓..©..▓▓▓▓▓▓▓
▓▓▓▓▓▓▓▓▓▓▓▓▓▓
▓..8©8...▓
▓..|oe...▓
▓...e@...▓
▓...N....▓
▓........▓
▓.▓....▓.▓
▓...©....▓
▓▓▓▓▓▓▓▓▓▓


You could see a salamander, 2 deep elf knights and an orc sorcerer.

Vanquished Creatures
  2 deep elf magi (D)
  2 toenail golems (D)
  A water elemental (D)
  A bullfrog (D)
  An earth elemental (D)
  A river rat (D)
  A jackal (D)
9 creatures vanquished.

Notes
Turn   | Place    | Note
-------+----------+-------------------------------------------
     0 | D        | Faca the Spriggan Assassin began the quest for the Orb.
     0 | D        | Reached XP level 1. HP: 10/10 MP: 2/2
     3 | D        | Found a blossoming altar of Fedhas.
     4 | D        | Found the +6 Majin-Bo {vamp, Archmagi MP+6 Int+6}
     4 | D        | Found the +7 great mace "Firestarter" {inner flame, rF++}
     5 | D        | Found a viscous altar of Jiyva.
     5 | D        | Found a hazy altar of Hepliaklqana.
     5 | D        | Found a transporter.
     5 | D        | Found an opulent altar of Gozag.
     5 | D        | Found an ancient bone altar of Kikubaaqudgha.
     5 | D        | Found a corrupted altar of Lugonu.
    15 | D        | Found a burning altar of Makhleb.
    16 | D        | Found a sacrificial altar of Ru.
    16 | D        | Found a stormy altar of Qazlal.
    16 | D        | Found a shimmering blue altar of Sif Muna.
    16 | D        | Found an iron altar of Okawaru.
    16 | D        | Found a bloodstained altar of Trog.
    16 | D        | Found a sparkling altar of Nemelex Xobeh.
    37 | D        | Became a worshipper of Uskayaw the Reveler
    42 | D        | Reached skill level 10 in Stealth
    42 | D        | Reached XP level 2. HP: 14/14 MP: 3/3
    64 | D        | Found the +9 heavy crossbow "Sniper" {velocity, Acc+∞ SInv}
    64 | D        | Found the +10 dark maul {crush}
    64 | D        | Found the +15 Maxwell's patent armour {-Cast -Tele rElec
                  | MR+ rCorr}
    64 | D        | Found the +18 shield of the Gong {rElec rN+ MR+ EV-5}
    64 | D        | Found the cursed +14 obsidian axe {chop, +Fly SInv *Curse}
    65 | D        | Found the +6 shillelagh "Devastator" {shatter}
    65 | D        | Found the +11 plutonium sword {*Contam Stlth-}
    65 | D        | Found the +8 lance "Wyrmbane" {slay drac, rPois rF+ rC+
                  | AC+3}
    65 | D        | Found the +9 sword of Zonguldrok {reap}
    65 | D        | Found the cursed +13 scythe of Curses {drain, *Curse}
    65 | D        | Found the +0 sword of Power
    65 | D        | Found the +7 mace of Variability {chain chaos}
    65 | D        | Found the +7 Singing Sword {slice, sonic wave}
    65 | D        | Found the +8 storm bow {elec, penet}
    69 | D        | Entered arena 2.
    69 | D        | Noticed a toenail golem
    69 | D        | Noticed a toenail golem
    69 | D        | Found a transporter.
    72 | D        | Killed a toenail golem
    72 | D        | Reached skill level 15 in Stealth
    72 | D        | Reached XP level 3. HP: 18/18 MP: 4/4
    72 | D        | Reached XP level 4. HP: 22/22 MP: 5/5
    72 | D        | Reached XP level 5. HP: 25/25 MP: 6/6
    72 | D        | Reached XP level 6. HP: 30/30 MP: 7/7
    72 | D        | Reached * piety under Uskayaw
    77 | D        | Reached ** piety under Uskayaw
    88 | D        | Reached *** piety under Uskayaw
    89 | D        | Killed a toenail golem
    89 | D        | Reached skill level 17 in Stealth
    89 | D        | Reached XP level 7. HP: 9/33 MP: 8/8
   307 | D        | Got Buipaef's Handbook of the Captivating Volcanoes
   310 | D        | Entered arena 3.
   310 | D        | Found a transporter.
   315 | D        | Reached skill level 1 in Invocations
   329 | D        | Entered arena 4.
   329 | D        | Noticed a deep elf mage
   329 | D        | Noticed a deep elf mage
   329 | D        | Noticed a water elemental
   329 | D        | Found a transporter.
   334 | D        | Killed a deep elf mage
   334 | D        | Reached skill level 5 in Dodging
   334 | D        | Reached XP level 8. HP: 40/40 MP: 8/11
   336 | D        | Killed a deep elf mage
   336 | D        | Reached skill level 18 in Stealth
   337 | D        | Reached **** piety under Uskayaw
   352 | D        | Entered arena 5.
   352 | D        | Noticed a salamander
   352 | D        | Noticed an orc sorcerer
   352 | D        | Noticed a deep elf knight
   352 | D        | Noticed a deep elf knight
   352 | D        | Found a transporter.
   356 | D        | Paralysed by an orc sorcerer for 2 turns
   357 | D        | HP: 2/42 [deep elf knight/stone arrow (26)]
   357 | D        | Killed from afar by an orc sorcerer

Levels and vault maps discovered:
D:        sprint_v [room_start, room_1, room_2, room_3, room_4, room_5, room_6,
          room_7, room_8, room_9, room_10, room_11, room_12, room_13, room_14,
          room_15, room_16, room_17, room_18, room_19, room_20, room_21,
          room_22, room_23, room_24, room_25, room_26, room_27]

Skill      XL: |  1  2  3  4  5  6  7  8 |
---------------+-------------------------+-----
Short Blades   | 6 11 12 | 12.4
Stealth        | 10 15 17 18 | 18.5
Fighting       | 3 4 |  4.5
Dodging        | 5 7 |  7.5
Invocations    | 3 4 |  4.9
Shields        | 2 3 |  3.7
Throwing       | |  2.0

Action                   |  1- 3 |  4- 6 |  7- 9 || total
-------------------------+-------+-------+-------++-------
Melee: Dagger            |     1 |       |    12 ||    13
       Quick blade       |       |    16 |       ||    16
  Use: Potion            |     1 |       |       ||     1
       Scroll            |       |       |     1 ||     1
 Stab: Sleeping          |     1 |       |     5 ||     6
       Paralysed         |       |     1 |       ||     1
Armor: Robe              |       |       |     1 ||     1
Dodge: Dodged            |       |     2 |     2 ||     4

Table legend:
 A = Non-vault XP
 B = Vault XP
 C = Vault XP percentage of total XP
 D = Non-vault monster count
 E = Vault monster count
 F = Vault count percentage of total count
                 A         B        C        D         E       F
            +---------+---------+-------+---------+---------+-------
      Total |       0 |    2496 | 100.0 |       0 |       9 | 100.0
            +---------+---------+-------+---------+---------+-------
          D |       0 |    2496 | 100.0 |       0 |       9 | 100.0
            +---------+---------+-------+---------+---------+-------
